 Dungeon Crawl Stone Soup version 0.30-a0-381-g6ea064c7b4 (webtiles) character file.

Game seed: 15380309375756410391

30 NinjaNoafa the Shooter (level 3, 0/18 HPs)
             Began as a Spriggan Hunter on Dec 1, 2022.
             Succumbed to a kobold's poison
             ... on level 1 of the Dungeon.
             The game lasted 00:02:24 (511 turns).

NinjaNoafa the Shooter (Spriggan Hunter)             Turns: 511, Time: 00:02:25

Health: 0/18       AC:  2    Str: 10 (13) XL:     3   Next: 3%
Magic:  4/4        EV: 17    Int:  9 (10) God:
Gold:   20         SH:  5    Dex: 19 (20) Spells: 2/2 levels left

rFire   + . .      SeeInvis +    a - +0 shortbow
rCold   + . .      Faith    .    (shield currently unavailable)
rNeg    . . .      Spirit   .    c - +0 robe
rPois   .          Reflect  +    (helmet restricted)
rElec   .          Harm     .    f - scarf {rC+ rF+}
rCorr   .          Rampage  .    (gloves unavailable)
Will    .....                    (boots unavailable)
Stlth   ++........               k - amulet of reflection
HPRegen 0.23/turn                e - +6 ring of strength
MPRegen 0.09/turn                (no ring)

@: lethally poisoned (0 -> -9), very quick
A: very small, no large weapons, unfitting armour, see invisible, speed 3
a: no special abilities


You were on level 1 of the Dungeon.
You visited 1 branch of the dungeon, and saw 1 of its levels.

You collected 20 gold pieces.

Inventory:

Hand Weapons
 a - a +0 shortbow (weapon)
Missiles
 g - 2 stones
Armour
 c - a +0 robe (worn)
 f - a scarf of resistance (worn)
Jewellery
 e - a +6 ring of strength (left hand)
 k - an amulet of reflection (around neck)
Scrolls
 b - a scroll of immolation
 d - 2 scrolls of vulnerability {unknown}
Potions
 i - a potion of mutation {unknown}
 j - a potion of curing {unknown}


   Skills:
 - Level 1.5 Fighting
 + Level 5.0 Ranged Weapons
 - Level 2.6 Dodging
 - Level 1.5 Stealth


You had 2 spell levels left.
You didn't know any spells.
Your spell library contained the following spells:

 Spells                   Type           Power      Damage    Failure   Level
 Ensorcelled Hibernation  Hex/Ice        0%         N/A       52%         2
 Passwall                 Tmut/Erth      0%         N/A       52%         2
 Gell's Gravitas          Tloc           0%         N/A       77%         3
 Lesser Beckoning         Tloc           0%         N/A       77%         3
 Swiftness                Air            0%         N/A       77%         3
 Teleport Other           Tloc           0%         N/A       77%         3


Dungeon Overview and Level Annotations

Branches:
Dungeon (1/15)

Altars:


Innate Abilities, Weirdness & Mutations

You are very small and have problems with some larger weapons.
You are too small for most types of armour.
You have supernaturally acute eyesight. (SInv)
You cover ground extremely quickly. (Speed+++)


Message History

You feel agile. x2
You see here a +0 dagger.
Key pressed, stopping explore.
Key pressed, stopping explore.
Found a hand axe.
A kobold and a goblin come into view.
The kobold is wielding a +2 short sword of venom.
There are monsters nearby!
You shoot an arrow. The arrow hits the goblin.
You kill the goblin!
The kobold shouts!
You hear a shout!
You shoot an arrow.
The arrow hits the kobold but does no damage.
A goblin comes into view. It is wielding a +0 dagger.
You shoot an arrow. The arrow closely misses the kobold.
You shoot an arrow. The arrow closely misses the kobold.
You shoot an arrow. The arrow closely misses the kobold.
The kobold hits you with a +2 short sword of venom.
You are poisoned.
The kobold hits you with a +2 short sword of venom.
You are lethally poisoned!
You shoot an arrow. The arrow hits the kobold.
The kobold is moderately wounded.
You feel very sick.
You hear an angry hiss.
You block the kobold's attack.
A frilled lizard comes into view.
You hear an angry hiss.
You are too injured to fight recklessly!
You are too injured to fight recklessly!
* * * LOW HITPOINT WARNING * * *
You feel sick.
* * * LOW HITPOINT WARNING * * *
You feel sick.
* * * LOW HITPOINT WARNING * * *
You feel sick.
It was a potion of degeneration.
There was something very wrong with that liquid.
You feel weakened.
You feel dopey.
You feel clumsy.
You die...

# #.# #...[.) #. #.#
#.# #..###. l. #.# #.#
#..# #. #. #)#
#.####..###. #) #.#
#.#....#.... #. #.#
#†#.##..#... #. #.#
#.#.##.#.#..
##g#####.###.#.#.#..÷..
#...K.@......#..###....
#..#####.#####...#.....
#.. #...............
#.. ##############..
#.. #.. #.. #####.. ##.
#...... #. #.###..
#......


You could see a goblin and a kobold.

Vanquished Creatures
  A bat (D:1)
  2 endoplasms (D:1)
  A giant cockroach (D:1)
  3 goblins (D:1)
  4 hobgoblins (D:1)
  4 jackals (D:1)
  4 kobolds (D:1)
  A quokka (D:1)
  3 ball pythons (D:1)
  A rat (D:1)
24 creatures vanquished.

Notes
Turn   | Place    | Note
-------+----------+-------------------------------------------
     0 | D:1      | NinjaNoafa the Spriggan Hunter began the quest for the Orb.
     0 | D:1      | Reached XP level 1. HP: 10/10 MP: 2/2
   124 | D:1      | Reached XP level 2. HP: 14/14 MP: 3/3
   448 | D:1      | Reached skill level 5 in Ranged Weapons
   454 | D:1      | Reached XP level 3. HP: 18/18 MP: 4/4
   511 | D:1      | Succumbed to a kobold's poison

Illustrated notes

Levels and vault maps discovered:
D:1:      ncdulo_halloftheorcs, layout_loops_ring, minmay_pentomino_r2

Skill      XL: |  1  2 |
---------------+-------+-----
Ranged Weapons | 5 |  5.0
Fighting       | |  1.5
Dodging        | |  2.6
Stealth        | |  1.5

Action                   || total
-------------------------++-------
 Fire: Shortbow          ||    66
  Use: Potion            ||     1
Armor: Robe              ||     2
Dodge: Dodged            ||    11
Block: Other             ||     1

Table legend: (Time is in decaauts)
 A = Elapsed time spent in this place.
 B = Non-inter-level travel time spent in this place.
 C = Inter-level travel time spent in this place.
 D = Time resting spent in this place.
 E = Time spent auto-exploring this place.
 F = Levels seen in this place.
 G = Mean time per level.
                   A        B        C        D        E       F      G
               +--------+--------+--------+--------+--------+-----+--------+
         Total |    363 |    363 |      0 |      0 |    200 |   1 |  363.0 |
       Dungeon |    363 |    363 |      0 |      0 |    200 |   1 |  363.0 |
               +--------+--------+--------+--------+--------+-----+--------+

Top non-repeatable levels by time:
     D:1: 363 daAuts
